Map: Ice and Chrome LE

Players

Denver - Winner!

  • Race: Zerg Zerg
  • League: Master
  • Spawn Location: 1:00

ShoWTimE

  • Race: Protoss Protoss
  • Spawn Location: 7:00

Event: DreamHack SC2 Masters 2020 Summer Europe

VOD

Have the link to the VOD?

Description

Time

  • Played on: June 26, 2020, 12:58 p.m.
  • Length: 12:48

All games in this series

Show
View Real Time Build Order
Export as new Build Order

Denver Zerg - Winner!

Build Orders: Hatch First 

Get SALT Encoding   

  12  0:00  Drone  
  13  0:08  Drone  
  14  0:17  Overlord  
  14  0:40  Drone x3  
  17  0:52  Hatchery  
  17  0:55  Drone  
  17  1:01  Drone  
  18  1:09  Extractor  
  17  1:14  Spawning Pool  
  17  1:17  Drone  
  17  1:23  Drone  
  18  1:34  Drone  
  19  1:45  Drone  
  20  1:55  Drone  
  21  2:03  Queen  
  21  2:05  Zergling x2, Queen  
  21  2:06  Zergling x2  
  27  2:10  Metabolic Boost  
  27  2:14  Overlord  
  27  2:17  Drone  
  28  2:34  Drone x2  
  30  2:38  Hatchery  
  30  2:41  Drone x2  
  31  2:47  Overlord  
  31  2:50  Drone  
  32  2:56  Queen  
  34  3:01  Overlord  
  34  3:04  Drone  
  35  3:11  Drone  
  36  3:18  Overlord  
  36  3:19  Drone x4  
  40  3:23  Drone  
  41  3:27  Overlord  
  41  3:31  Drone  
  42  3:35  Queen  
  42  3:40  Drone  
  45  3:44  Drone x4  
  49  3:51  Roach Warren  
  49  3:54  Spine Crawler  
  47  3:56  Drone  
  47  3:57  Drone  
  49  4:03  Queen  
  49  4:06  Overlord  
  49  4:09  Zergling x4  
  53  4:12  Zergling x2  
  53  4:13  Zergling x2  
  53  4:15  Zergling x4  
  57  4:19  Zergling x4  
  57  4:21  Overlord  
  60  4:24  Zergling x4  
  60  4:26  Zergling x2  
  60  4:30  Zergling x4  
  64  4:34  Roach  
  68  4:38  Roach  
  68  4:43  Roach x4  
  68  4:45  Overlord  
  76  4:47  Roach  
  76  4:50  Roach  
  80  4:55  Roach, Overlord  
  80  5:06  Zergling x14  
  77  5:11  Zergling x2  
  68  5:22  Drone x5  
  66  5:28  Drone  
  66  5:35  Extractor  
  66  5:36  Drone x2  
  66  5:37  Extractor  
  66  5:38  Drone  
  66  5:42  Drone x2  
  70  5:49  Roach  
  72  5:55  Roach x2  
  74  6:07  Zergling x6  
  76  6:11  Zergling x2  
  76  6:13  Ravager  
  76  6:14  Ravager x2  
  76  6:16  Overlord  
  76  6:17  Zergling x14  
  87  6:19  Ravager  
  87  6:21  Zergling x6  
  91  6:30  Zergling x6  
  91  6:31  Ravager  
  93  6:38  Zergling x4  
  95  6:40  Ravager  
  95  6:42  Overlord  
  95  6:43  Zergling x6  
  95  6:44  Zergling x6  
  102  6:49  Zergling x4  
  102  6:51  Ravager  
  103  6:55  Zergling x6  
  103  6:56  Overlord  
  91  7:08  Zergling x6  
  91  7:12  Lair  
  91  7:15  Zergling x14  
  97  7:18  Zergling x2  
  97  7:21  Ravager x2  
  100  7:24  Drone x2  
  100  7:25  Drone  
  94  7:34  Drone x2  
  87  7:38  Drone  
  87  7:41  Drone x3  
  87  7:43  Evolution Chamber, Drone  
  87  7:44  Drone x2  
  91  7:48  Drone x3  
  94  7:58  Drone x3  
  97  8:03  Extractor  
  96  8:08  Drone x7  
  96  8:10  Hatchery  
  96  8:11  Zerg Missile Weapons Level 1  
  102  8:14  Glial Reconstitution  
  102  8:17  Drone x4  
  106  8:20  Extractor  
  106  8:22  Overlord  
  106  8:25  Burrow  
  106  8:27  Drone x3  
  106  8:28  Overseer  
  108  8:34  Overlord  
  108  8:40  Overlord  
  108  8:43  Overlord  
  108  8:46  Drone x3  
  108  8:47  Overlord  
  108  8:48  Overlord  
  111  8:50  Extractor  
  111  8:51  Overlord  
  110  8:58  Overlord  
  110  9:00  Overlord  
  110  9:03  Roach x2  
  110  9:06  Roach x6  
  126  9:10  Roach  
  128  9:17  Roach x2  
  128  9:21  Roach x3  
  138  9:25  Roach  
  138  9:30  Roach x2  
  145  9:33  Overlord  
  145  9:35  Roach  
  145  9:36  Roach x3  
  145  9:37  Ravager  
  153  9:38  Tunneling Claws  
  153  9:39  Overlord  
  153  9:42  Overlord  
  150  9:47  Roach x2  
  150  9:50  Roach x3  
  150  9:52  Ravager  
  158  9:53  Ravager  
  158  9:55  Roach x6  
  171  10:05  Roach x6  
  181  10:09  Roach x3  
  186  10:16  Zergling x6  
  189  10:25  Zergling x4  
  191  10:29  Zerg Missile Weapons Level 2  
  191  10:34  Overlord  
  191  10:37  Overlord  
  191  10:39  Overlord  
  191  10:40  Hatchery  
  191  10:42  Overlord x2  
  189  10:47  Roach x6  
  181  10:53  Zergling x26  
  181  10:54  Roach  
  181  10:55  Roach x3  
  181  10:56  Roach  
  186  11:00  Roach x5  
  179  11:09  Roach x10  
  191  11:14  Roach x2  
  191  11:17  Roach x3  
  191  11:18  Roach x2  
  181  11:22  Roach  
  181  11:23  Roach x2  
  178  11:31  Roach x3  
  177  11:36  Roach x2  
  172  11:41  Roach x2  
  172  11:46  Roach x3  
  172  11:52  Roach x3  
  172  11:53  Roach x9  
  178  12:03  Roach x4  
  164  12:12  Zergling x8  
  162  12:17  Roach x7  
  162  12:18  Roach x3  
  182  12:24  Ravager x2  
  182  12:26  Roach x5  
Show
View Real Time Build Order
Export as new Build Order

ShoWTimE Protoss 

Build Orders: 1 Gate Expand, Mass Adepts 

Get SALT Encoding   

  12  0:00  Probe  
  13  0:12  Probe  
  14  0:20  Pylon  
  14  0:24  Probe  
  15  0:34  Probe  
  15  0:41  Gateway  
  16  0:42  Probe  
  17  0:51  Assimilator  
  17  0:52  Probe  
  18  1:04  Probe  
  19  1:16  Probe  
  20  1:26  Nexus  
  20  1:35  Cybernetics Core  
  20  1:39  Probe  
  21  1:45  Assimilator  
  21  1:51  Probe  
  22  1:54  Pylon  
  22  2:02  Adept  
  22  2:03  Probe  
  23  2:11  Warp Gate  
  23  2:15  Probe  
  26  2:23  Stalker  
  26  2:27  Twilight Council, Probe  
  27  2:34  Probe  
  29  2:39  Probe  
  29  2:42  Probe  
  32  2:51  Probe  
  32  2:53  Probe  
  32  2:55  Robotics Facility  
  34  3:04  Resonating Glaives  
  34  3:05  Probe  
  34  3:08  Gateway  
  35  3:14  Gateway  
  35  3:16  Probe  
  35  3:17  Probe  
  37  3:23  Adept  
  39  3:30  Gateway  
  39  3:31  Warp Prism  
  39  3:43  Pylon  
  39  3:47  Probe x2  
  43  3:52  Pylon  
  43  3:59  Probe x2  
  45  4:03  Adept x2  
  45  4:07  Adept  
  51  4:11  Probe  
  51  4:13  Probe  
  53  4:17  Pylon  
  53  4:22  Observer  
  54  4:27  Adept x3  
  54  4:28  Adept  
  54  4:31  Pylon  
  62  4:45  Probe x2  
  64  4:46  Assimilator  
  64  4:48  Adept x3  
  64  4:49  Adept  
  64  4:52  Pylon  
  68  5:09  Adept x4  
  68  5:19  Immortal  
  62  5:24  Probe x2  
  56  5:30  Assimilator  
  60  5:36  Probe x2  
  60  5:41  Nexus  
  62  5:43  Pylon  
  62  5:48  Probe x2  
  64  5:50  Adept x3  
  70  5:58  Immortal  
  70  6:00  Probe x2  
  76  6:10  Pylon  
  76  6:12  Probe x2  
  76  6:14  Sentry x2  
  76  6:16  Forge  
  82  6:24  Probe x2  
  84  6:31  Immortal  
  84  6:36  Sentry x2, Probe  
  93  6:42  Shield Battery  
  93  6:48  Adept x2, Shield Battery  
  93  6:50  Shield Battery  
  97  6:59  Adept x2  
  97  7:00  Immortal  
  95  7:10  Stalker x2  
  101  7:23  Gateway, Stalker x2  
  101  7:24  Gateway  
  101  7:28  Pylon  
  103  7:33  Protoss Ground Weapons Level 1  
  103  7:34  Shield Battery  
  103  7:35  Stalker x2, Blink  
  103  7:38  Shield Battery  
  103  7:43  Immortal  
  103  7:47  Probe x2  
  103  7:48  Probe  
  106  7:56  Phoenix x2  
  110  7:59  Probe  
  110  8:00  Probe x2  
  113  8:11  Probe  
  113  8:12  Probe x2  
  116  8:14  Assimilator  
  116  8:18  Assimilator, Pylon  
  116  8:20  Pylon  
  116  8:24  Probe x3  
  116  8:25  Stalker  
  121  8:27  Immortal  
  121  8:30  Pylon  
  125  8:36  Probe x3  
  128  8:48  Probe x3, Zealot x3  
  134  8:52  Pylon  
  137  9:00  Immortal  
  137  9:07  Pylon  
  137  9:08  Templar Archives, Pylon  
  141  9:22  Gateway  
  141  9:23  Gateway  
  141  9:24  Nexus  
  141  9:27  Charge  
  141  9:37  Pylon  
  141  9:40  Pylon, Protoss Ground Weapons Level 2  
  141  9:43  Stalker x6  
  153  9:59  Photon Cannon  
  153  10:04  Probe x3  
  153  10:06  High Templar x3  
  162  10:09  Shield Battery  
  156  10:25  Probe x2  
  156  10:26  Immortal  
  154  10:34  Zealot  
  154  10:35  Zealot x4  
  164  10:38  Stalker  
  164  10:39  Zealot x2  
  157  11:00  Stalker x6  
  161  11:05  Immortal  
  147  11:14  Zealot x2  
  147  11:18  Probe  
  142  11:19  Probe  
  142  11:22  Probe  
  143  11:29  Zealot x6  
  144  11:36  Zealot x2  
  124  11:42  Observer  
  117  11:50  Zealot x5  
  117  11:52  Immortal  
  119  11:59  Zealot x2  
  107  12:11  Zealot x5  
  111  12:19  Gateway  
  111  12:23  Shield Battery  
  111  12:24  Shield Battery  
  111  12:26  High Templar x2  
  115  12:33  High Templar x5  
  129  12:37  Archon  
  129  12:38  Archon  
Tags
 
Add a new tag
Caveats
  • Supply blocks, unpowered buildings, or Contaminate may cause inaccurate times.
  • Supply counts are checked every 10 seconds.